 Dungeon Crawl Stone Soup version 0.18.1-50-g88ac8fd (webtiles) character file.

81 lorenzova the Caller (level 4, -1/30 HPs)
             Began as a Merfolk Summoner on Oct 18, 2016.
             Killed from afar by an orc wizard (9 damage)
             ... with a magic dart
             ... on level 3 of the Dungeon.
             The game lasted 00:03:53 (2671 turns).

lorenzova the Caller (Merfolk Summoner)             Turns: 2671, Time: 00:03:54

Health: -1/30      AC:  3    Str:  9    XL:     4   Next: 42%
Magic:  3/8        EV: 13    Int: 14    God:
Gold:   177        SH:  0    Dex: 14    Spells: 3 memorised, 3 levels left

rFire  . . .     SeeInvis .     f - +0 short sword
rCold  . . .     Gourm    .     a - +0 robe
rNeg   . . .     Faith    .     (no shield)
rPois  .         Spirit   .     (no helmet)
rElec  .         Dismiss  .     (no cloak)
rCorr  .         Reflect  .     h - +0 pair of gloves
SustAt .         Harm     .     (no boots)
MR     .....                    (no amulet)
Stlth  ++........               (no ring)
                                (no ring)

@: not resistant to hostile enchantments, unstealthy
A: change form in water, swift swim
a: no special abilities


You were on level 3 of the Dungeon.
You were not hungry.

You visited 1 branch of the dungeon, and saw 3 of its levels.

You collected 177 gold pieces.

Inventory:

Hand Weapons
 f - a +0 short sword (weapon)
Armour
 a - a +0 robe (worn)
 h - a +0 pair of gloves (worn)
Jewellery
 d - a +5 ring of strength {unknown}
 r - an uncursed ring of fire {unknown}
 x - a cursed ring of loudness {unknown}
Scrolls
 e - 4 scrolls of identify {unknown}
 g - 3 scrolls of remove curse {unknown}
 k - 2 scrolls of amnesia {unknown}
 m - a scroll of enchant armour {unknown}
 n - a scroll of fog {unknown}
 q - a scroll of blinking {unknown}
 s - 2 scrolls of teleportation {unknown}
Potions
 i - a potion of curing {unknown}
 l - a potion of berserk rage {unknown}
 o - 2 potions of heal wounds {unknown}
 p - a potion of flight {unknown}
 u - a potion of haste {unknown}
 w - a potion of degeneration {unknown}
Books
 b - a book of Callings

   Spells                             Type                      Level
   a - Summon Small Mammal            Summoning                    1
   b - Call Imp                       Summoning                    2
   c - Call Canine Familiar           Summoning                    3
   d - Summon Guardian Golem          Hexes/Summoning              3
   e - Summon Lightning Spire         Summoning/Air                4
   f - Summon Ice Beast               Ice/Summoning                4
Comestibles
 c - 3 bread rations
 j - 5 fruits
 t - 2 meat rations
 v - a beef jerky


   Skills:
 - Level 2.6 Dodging
 - Level 2.1 Stealth
 + Level 3.2 Spellcasting
 + Level 4.9 Summonings


You had 3 spell levels left.
You knew the following spells:

 Your Spells              Type           Power        Failure   Level  Hunger
a - Summon Small Mammal   Summ           ###.         2%          1    #......
b - Call Imp              Summ           ###.....     4%          2    ##.....
c - Call Canine Familiar  Summ           ###.....     10%         3    ###....


Dungeon Overview and Level Annotations

Branches:
Dungeon (3/15)

Altars:
Gozag


Message History

You are too injured to fight recklessly!
What do you say? t - Shout!
Orders for allies: a - Attack new target. r - Retreat! s - Stop attacking. w - Wait here. f - Follow me.
Anything else - Stay silent.
Gang up on whom?
Press: ? - help, Dir - move target cursor, f - orc wizard
Aim: an orc wizard, wielding a dagger of speed and wearing a robe Attack!
You hear a shout! x2
The orc wizard closely misses your white imp.
The orc wizard barely misses you.
You are too injured to fight recklessly!
You barely miss the orc wizard.
Your hound closely misses the orc wizard.
The orc wizard points at you and mumbles some strange words.
The magic dart hits you!
You die...

............
............
....)......# ......
......#....# ......
......##.## .#.[..
......##.## .....
.......... ...
.##.###..# #######.#
.##.# #..# #....@o†#
.##.###..###5....h.#
..........o.?.r....#
.######..###.......#
.# #..# #.......#
.######..# #####.#.#
.........# #.#.#
.........# #.#.#
#######.## ....#


You could see 2 orc wizards, a friendly hound, a friendly white imp and a
friendly quokka.

Vanquished Creatures
  An adder (D:3)
  2 dart slugs
  A giant gecko (D:3)
  An orc (D:3)
  9 bats
  12 goblins
  3 hobgoblins
  4 jackals
  2 quokkas
  A ball python (D:1)
  4 giant newts
  5 kobolds
  4 rats
49 creatures vanquished.

Vanquished Creatures (collateral kills)
  An adder (D:2)
  2 goblins (D:3)
  2 hobgoblins
  3 jackals (D:2)
  A giant newt (D:2)
  A rat (D:2)
10 creatures vanquished.

Grand Total: 59 creatures vanquished

Notes
Turn   | Place    | Note
--------------------------------------------------------------
     0 | D:1      | lorenzova the Merfolk Summoner began the quest for the Orb.
     0 | D:1      | Reached XP level 1. HP: 13/13 MP: 3/3
   267 | D:1      | Reached XP level 2. HP: 18/19 MP: 5/5
   271 | D:1      | Learned a level 2 spell: Call Imp
   775 | D:2      | Reached XP level 3. HP: 3/24 MP: 2/7
  1221 | D:2      | Found an opulent altar of Gozag.
  1875 | D:2      | Learned a level 3 spell: Call Canine Familiar
  1928 | D:3      | Reached XP level 4. HP: 23/30 MP: 8/8
  2671 | D:3      | Killed from afar by an orc wizard

Skill      XL: |  1  2  3 |
---------------+----------+-----
Spellcasting   | 3 |  3.2
Dodging        | |  2.6
Stealth        | |  2.1
Summonings     | |  4.9

Action                   |  1- 3 |  4- 6 || total
-------------------------+-------+-------++-------
Melee: Short sword       |   165 |    51 ||   216
       Unarmed           |    12 |       ||    12
 Cast: Summon Small Mamm |     7 |     3 ||    10
       Call Imp          |     3 |     1 ||     4
       Call Canine Famil |       |     1 ||     1
 Stab: Sleeping          |     4 |     2 ||     6
  Eat: Chunk             |     3 |     3 ||     6
Armor: Robe              |    76 |    12 ||    88
Dodge: Dodged            |   171 |    35 ||   206
